 Dungeon Crawl Stone Soup version 0.21-a0-258-g4c0eb85 (webtiles) character file.

1192 polean the Cudgeler (level 8, 0/57 HPs)
             Began as a Human Wanderer on Sept 6, 2017.
             Was a Follower of Elyvilon.
             Slain by a bullfrog (4 damage)
             ... on level 7 of the Dungeon.
             The game lasted 00:26:36 (6245 turns).

polean the Cudgeler (Human Wanderer)                Turns: 6245, Time: 00:26:36

Health: 0/57       AC: 11    Str: 20    XL:     8   Next: 71%
Magic:  7/7        EV:  9    Int: 10    God:    Elyvilon [*.....]
Gold:   253        SH:  3    Dex: 13    Spells: 6/7 levels left

rFire    . . .     SeeInvis .   a - +1 flail (holy)
rCold    . . .     Gourm    .   f - +0 buckler
rNeg     . . .     Faith    .   m - +3 scale mail {rPois}
rPois    +         Spirit   .   (helmet restricted)
rElec    .         Reflect  .   (no cloak)
rCorr    .         Harm     .   A - +0 pair of gloves
MR       +....                  (no boots)
Stlth    +.........             (no amulet)
HPRegen  0.19/turn              z - ring of protection from magic
MPRegen  0.10/turn              (no ring)

@: mighty, hasted, very quick
A: antennae 1, hooves 1, dopey 1, low mp 1
a: Lesser Healing, Divine Protection, Renounce Religion


You were on level 7 of the Dungeon.
You worshipped Elyvilon.
Elyvilon was aware of your devotion.
You were not hungry.

You visited 2 branches of the dungeon, and saw 8 of its levels.

You collected 253 gold pieces.

Inventory:

Hand Weapons
 a - a +1 flail of holy wrath (weapon)
 b - a +0 hunting sling
 n - a +0 arbalest
 w - a +1 dagger of protection
 y - a +2 mace
Missiles
 d - 23 arrows
 h - 55 bolts
 i - 67 stones
 j - 9 poisoned needles
 k - 7 tomahawks (quivered)
Armour
 f - a +0 buckler (worn)
 m - a +3 scale mail of poison resistance (worn)
 A - a +0 pair of gloves (worn)
Jewellery
 z - a ring of protection from magic (left hand)
Wands
 l - a wand of polymorph (24/24)
Scrolls
 g - 3 scrolls of remove curse
 r - a scroll of fog
 v - a scroll of blinking
 B - a scroll of magic mapping
Potions
 c - a potion of lignification
 u - a potion of brilliance
 x - a potion of agility
Books
 s - a book of Cantrips

   Spells                             Type                      Level
   a - Confusing Touch                Hexes                        1
   b - Animate Skeleton               Necromancy                   1
   c - Summon Small Mammal            Summoning                    1
   d - Apportation                    Translocation                1
Comestibles
 e - 3 meat rations
 o - 3 bread rations
 t - 3 fruits


   Skills:
 + Level 2.6 Fighting
 * Level 6.9 Maces & Flails
 + Level 2.6(2.8) Slings
 + Level 1.2(2.1) Throwing
 * Level 4.8 Armour
 + Level 0.4 Dodging
 * Level 4.3 Stealth
   Level 1.0 Conjurations
 + Level 2.0 Necromancy


You had 6 spell levels left.
You knew the following spells:

 Your Spells              Type           Power        Failure   Level  Hunger
a - Animate Skeleton      Necr           N/A          58%         1    ##.....


Dungeon Overview and Level Annotations

Branches:
Dungeon (7/15)             Temple (1/1) D:6

Altars:
Ashenzari
Cheibriados
Dithmenos
Elyvilon
Fedhas
Gozag
Kikubaaqudgha
Makhleb
Nemelex Xobeh
Okawaru
Ru
Sif Muna
Trog
Uskayaw
Vehumet
Wu Jian
Yredelemnul
Zin


Innate Abilities, Weirdness & Mutations

You have a pair of small antennae on your head.
You have large cloven feet.
You are dopey. (Int -2)
Your magical capacity is low. (-10% MP)


Message History

Beogh smites you!
* * * LOW HITPOINT WARNING * * *
An orc comes into view.
You feel very mighty all of a sudden.
The orc shouts!
The orc warrior barely misses you. You block the orc wizard's attack.
The bullfrog hits you but does no damage.
You sock the orc wizard! You kick the orc wizard.
You kill the orc wizard!
The bullfrog hits you.
* * * LOW HITPOINT WARNING * * *
The orc warrior barely misses you.
The bullfrog swells and bulges.
Things that are here:
a dagger; a robe; an orc corpse You completely miss the orc warrior.
Your kick misses the orc warrior.
The orc warrior hits you with a trident!
* * * LOW HITPOINT WARNING * * *
The bullfrog hits you.
You die...

(.# #. .#
(.(##.#####.#
............#
.>.o(.......#
#.........#
#..o.<....###
###..........
###F##..###
#@# .# #o# #
#o# ... ...
..... .#..<
+####..


You could see an orc warrior, a bullfrog, an orc priest and 2 orcs.

Vanquished Creatures
  Edmund (D:5)
  2 ice beasts
  An ogre (D:6)
  2 bullfrogs (D:5)
  A howler monkey (D:5)
  A centaur zombie (D:3)
  A hound (D:4)
  2 centaur skeletons
  2 orc priests (D:6)
  2 bullfrog skeletons
  5 orc wizards
  Terence (D:2)
  2 worker ants (D:5)
  8 adders
  3 oozes
  An adder zombie (D:3)
  5 worms
  6 dart slugs
  4 leopard geckos
  14 orcs
  10 bats
  6 giant cockroaches
  5 goblins
  6 hobgoblins
  5 jackals
  A quokka (D:4)
  3 ball pythons
  8 frilled lizards
  5 kobolds
  3 leopard gecko skeletons
  A leopard gecko zombie (D:3)
  A quokka zombie (D:5)
  13 rats
  A withered plant (D:3)
132 creatures vanquished.

Notes
Turn   | Place    | Note
-------+----------+-------------------------------------------
     0 | D:1      | polean the Human Wanderer began the quest for the Orb.
     0 | D:1      | polean set off with: a +2 mace, a +0 ring mail, a potion of lignification, a +0 dagger, a bread ration
     0 | D:1      | Reached XP level 1. HP: 15/15 MP: 1/1
    10 | D:1      | Noticed an electric eel
   115 | D:1      | Reached XP level 2. HP: 21/21 MP: 2/2
   306 | D:1      | Reached XP level 3. HP: 23/26 MP: 3/3
   547 | D:2      | Reached skill level 3 in Maces & Flails
   861 | D:2      | Noticed Terence
   882 | D:2      | Killed Terence
   882 | D:2      | Reached XP level 4. HP: 17/32 MP: 4/4
  1050 | D:2      | Found a snail-covered altar of Cheibriados.
  1546 | D:2      | Reached XP level 5. HP: 37/37 MP: 5/5
  1694 | D:2      | Gained mutation: You are resistant to hostile enchantments. (MR+) [potion of mutation]
  1694 | D:2      | Gained mutation: You have sharp toenails. [potion of mutation]
  1875 | D:2      | Reached skill level 4 in Maces & Flails
  2647 | D:3      | Reached XP level 6. HP: 39/43 MP: 6/6
  2943 | D:3      | Lost mutation: You are resistant to hostile enchantments. (MR+) [potion of mutation]
  2943 | D:3      | Lost mutation: You have sharp toenails. [potion of mutation]
  2943 | D:3      | Gained mutation: Your magical capacity is low. (-10% MP) [potion of mutation]
  2943 | D:3      | Gained mutation: You are dopey. (Int -2) [potion of mutation]
  2943 | D:3      | Gained mutation: You have a pair of small antennae on your head. [potion of mutation]
  2943 | D:3      | Gained mutation: You have large cloven feet. [potion of mutation]
  3481 | D:3      | Reached skill level 5 in Maces & Flails
  3755 | D:4      | Reached skill level 1 in Throwing
  3951 | D:4      | Reached XP level 7. HP: 44/48 MP: 6/6
  4206 | D:4      | Found a sparkling altar of Nemelex Xobeh.
  4356 | D:5      | Entered Level 5 of the Dungeon
  4367 | D:5      | Reached skill level 1 in Slings
  4591 | D:5      | Learned a level 1 spell: Animate Skeleton
  4615 | D:5      | Found a shattered altar of Ashenzari.
  4695 | D:5      | Reached skill level 6 in Maces & Flails
  4707 | D:5      | Reached XP level 8. HP: 35/56 MP: 7/7
  4862 | D:5      | Noticed Edmund
  4873 | D:5      | Killed Edmund
  5133 | D:5      | Found a white marble altar of Elyvilon.
  5141 | D:5      | Became a worshipper of Elyvilon the Healer
  5294 | D:6      | Found a blossoming altar of Fedhas.
  5858 | D:6      | Found a hide-covered altar of Uskayaw.
  5887 | D:6      | Found a staircase to the Ecumenical Temple.
  5915 | Temple   | Entered the Ecumenical Temple
  5977 | D:6      | Reached * piety under Elyvilon
  6245 | D:7      | Slain by a bullfrog

Vault maps used:
D:1:      arrival_aquarium_a
D:2:      lemuel_crystal_altar, uniq_terence
D:3:      serial_undead, serial_undead_d, serial_undead_d, serial_undead_e,
          serial_undead_a, first_bread
D:4:      lemuel_round_altar
D:5:      kennysheep_mini_moat, cheibrodos_ashenzari_chains, uniq_edmund
D:6:      kennysheep_little_box, fedhas_altar_2, minmay_temple_entry_steel_oval
D:7:      regret_index_temple_of_mockery, nicolae_tso_besieged_by_evil,
          serial_corexii_hall, corexii_hall_statues_i, corexii_hall_statues_x,
          corexii_hall_statues_t, corexii_hall_statues_i
Temple:   nicolae_temple_x_marks_the_god

Skill      XL: |  1  2  3  4  5  6  7  8 |
---------------+-------------------------+-----
Maces & Flails | 3 4 5 6 |  6.9
Armour         | 3 4 |  4.8
Stealth        | 3 4 |  4.3
Throwing       | 1 |  1.2
Fighting       | 2 |  2.6
Slings         | 2 |  2.6
Dodging        | |  0.4
Conjurations   | |  1.0
Necromancy     | |  2.0

Action                   |  1- 3 |  4- 6 |  7- 9 || total
-------------------------+-------+-------+-------++-------
Melee: Mace              |    95 |   261 |   119 ||   475
       Kick              |       |    59 |    30 ||    89
       Flail             |       |       |    14 ||    14
 Fire: Hunting sling     |       |    10 |    48 ||    58
Throw: Stone             |       |    18 |       ||    18
       Tomahawk          |       |    22 |       ||    22
  Use: Potion            |     3 |     7 |    11 ||    21
       Scroll            |     3 |     5 |     6 ||    14
  Eat: Chunk             |       |     4 |     6 ||    10
       Royal jelly       |       |     1 |       ||     1
       Bread ration      |       |     1 |       ||     1
       Fruit             |       |       |     1 ||     1
Armor: Plate armour      |   104 |   124 |       ||   228
       Scale mail        |       |    36 |    67 ||   103
Dodge: Dodged            |    19 |    74 |    49 ||   142
Block: Buckler           |       |     1 |    16 ||    17

Table legend:
 A = Spawn XP
 B = Non-spawn XP
 C = Spawn XP percentage of total XP
 D = Spawn monster count
 E = Non-spawn monster count
 F = Spawn count percentage of total count
 G = Total turns spent on level
                    A         B        C        D         E        F      G
               +---------+---------+-------+---------+---------+-------+---------
         Total |       0 |    1703 |   0.0 |       0 |     131 |   0.0 |  6245
               +---------+---------+-------+---------+---------+-------+---------
           D:1 |       0 |      44 |   0.0 |       0 |      20 |   0.0 |   534
           D:2 |       0 |     129 |   0.0 |       0 |      30 |   0.0 |  1538
           D:3 |       0 |     268 |   0.0 |       0 |      39 |   0.0 |  1533
           D:4 |       0 |     201 |   0.0 |       0 |      20 |   0.0 |   751
           D:5 |       0 |     607 |   0.0 |       0 |      12 |   0.0 |   813
           D:6 |       0 |     414 |   0.0 |       0 |       9 |   0.0 |  1002
           D:7 |       0 |      40 |   0.0 |       0 |       1 |   0.0 |    15
               +---------+---------+-------+---------+---------+-------+---------
